 Dungeon Crawl Stone Soup version 5.5-19-gbfab8aa (webtiles) character file.

9 chukamok the Frost Mage (level 9, -3/44 HPs) *CASUAL*
             Began as a Vine Stalker Ice Elementalist on June 20, 2018.
             Was a Believer of Dithmenos.
             Engulfed by a cloud of flame (10 damage)
             ... on level 5 of the Dungeon.
             The game lasted 00:29:41 (3547 turns).

chukamok the Frost Mage (VSIE)                      Turns: 3547, Time: 00:29:42

Health: -3/44      AC:  9 (0%)Str: 11     XL:     9   Next: 56%
Magic:  0/16       EV: 12    Int: 17      God:    Dithmenos [2*[65]]
Gold:   337        SH:  0    Dex: 22 (23) Spells: 3/14 levels left

rFire    . . .     SeeInvis .   a - +0 dagger
rCold    . . .     Faith    .   (no shield)
rNeg     . . .     Spirit   +   p - +1 robe of the Solstice {Dex+4}
rPois    +         Reflect  .   m - +0 helmet
rElec    .                      j - +0 cloak
rCorr    .                      h - +2 pair of gloves {Dex+3}
MR       +....                  w - +0 pair of boots
Stlth    +++++.....             (no amulet)
Regen    0.6/turn               c - +6 ring of slaying
MPRegen  0.3/turn               g - ring of poison resistance

@: wreathed by umbra
A: fangs 3, regeneration 1, magic shield, antimagic bite, no device heal 3, rot
immunity
a: Shadow Step, Renounce Religion


You were on level 5 of the Dungeon.
You worshipped Dithmenos.
Dithmenos was pleased with you.
You were not hungry.

You visited 1 branch of the dungeon, and saw 5 of its levels.

You collected 337 gold pieces.

Inventory:

Hand Weapons
 a - a +0 dagger (weapon)
 b - a +4 quarterstaff of chaos
 t - a +3 dagger of holy wrath
Missiles
 k - 87 javelins (quivered)
 o - 7 frenzy darts
 x - 31 poisoned darts
Armour
 h - a +2 pair of gloves of dexterity (worn)
 j - a +0 cloak (worn)
 m - a +0 helmet (worn)
 p - the +1 robe of the Solstice (worn) {Dex+4}
   (You found it on level 4 of the Dungeon)

   It affects your dexterity (+4).
 r - the +1 leather armour "Seih Gapp" {rElec rF- MR- rCorr}
   (You found it on level 4 of the Dungeon)

   It makes you vulnerable to fire.
   It insulates you from electricity.
   It affects your resistance to hostile enchantments.
   It protects you from acid and corrosion.
 u - a +1 robe of positive energy
 w - a +0 pair of boots (worn)
Magical Staves
 z - an uncursed staff of air
Jewellery
 c - a +6 ring of slaying (left hand)
 g - a ring of poison resistance (right hand)
 i - an uncursed ring of protection from magic
Wands
 y - a wand of digging (10)
Scrolls
 e - 3 scrolls of enchant armour
 f - 2 scrolls of magic mapping
 n - 2 scrolls of amnesia
 v - a scroll of teleportation
Potions
 d - 3 potions of cancellation
 l - a potion of mutation
 q - a potion of invisibility
 s - a potion of berserk rage


   Skills:
 - Level 3.1 Fighting
 * Level 7.1 Blades
 - Level 1.5 Dodging
 + Level 5.5 Stealth
 - Level 4.2 Hexes
 + Level 8.1 Ice Magic


You had 3 spell levels left.
You knew the following spells:

 Your Spells              Type           Power        Failure   Level  Hunger
a - Freeze                Ice            25 (25)      1%          1    N/A
b - Ensorcelled Hibernat  Hex/Ice        20 (50)      2%          2    N/A
c - Throw Icicle          Ice            27 (100)     9%          4    N/A
d - Ozocubu's Armour      Chrm/Ice       13 (100)     41%         4    N/A

Dungeon Overview and Level Annotations

Branches:
Dungeon (5/15)

Altars:
Cheibriados
Dithmenos
Elyvilon
Gozag
Jiyva
Kikubaaqudgha
Makhleb
Okawaru
Qazlal
Ru
Sif Muna
Trog
Uskayaw
Vehumet
Wu Jian
Yredelemnul
Zin
The Shining One


Innate Abilities, Weirdness & Mutations

You have razor-sharp teeth.
Your natural rate of healing is unusually fast.
When hurt, damage is shared between your health and your magic reserves.
Your bite disrupts and absorbs the magic of your enemies.
Potions cannot restore your health.
You are immune to rotting.


Message History

The shadow imp is almost dead.
The shadow imp shouts, "Scamper home, thou plume-plucked hedge-born measle!"
Casting: Throw Icicle (safe; 9% risk of failure)
Confirm with . or Enter, or press ? or * to list all spells.
Aiming: Throw Icicle (safe; 9% risk of failure)
Press: ? - help, Shift-Dir - straight line, f/p - shadow imp
Aim: a shadow imp (severely wounded)
The shard of ice hits the shadow imp (9).
The shadow imp partially resists.
You kill the shadow imp!
Dithmenos accepts your kill.
You butt butt.
HP restored.
Really walk into a travel-excluded area?
You are engulfed in blazing flames (25).
* * * LOW HITPOINT WARNING * * *
You are butt in blazing flames (21).
* * * LOW HITPOINT WARNING * * *
You are engulfed in blazing flames (13).
You die...

▒∙∙∙∙∙∙∙∙∙∙∙∙∙▒ ▒∙▒∙
▒∙∙∙∙∙∙∙∙∙∙∙∙∙▒▒▒▒∙▒▒
▒∙∙∙∙∙∙∙∙∙∙∙∙∙∙∙∙∙∙▒▒
▒▒▒▒▒▒▒∙∙∙∙∙∙∙∙∙∙∙∙∙▒▒▒▒▒▒▒
▒∙∙∙∙∙∙∙∙∙∙∙∙∙∙∙∙∙∙∙▒ ▒
▒∙▒▒▒▒▒∙∙∙∙∙∙∙∙∙∙∙∙∙▒ ▒ ▒∙▒
▒∙∙∙▒▒▒▒▒∙∙∙∙∙▒ ▒∙▒ ▒###▒
▒∙∙∙∙∙▒ ▒∙▒ ▒##@▒ ▒∙∙∙∙∙▒
▒∙▒ ▒###▒ ▒∙∙∙∙∙▒
▒∙▒▒▒▒▒∙∙∙▒▒▒▒▒∙∙∙∙∙▒
▒∙∙###∙∙∙∙∙###∙∙▒▒▒▒▒
▒∙∙###∙∙!∙∙∙∙#∙∙▒
▒▒∙###∙∙∙∙∙###∙▒▒
▒▒▒▒▒▒∙∙∙▒▒▒▒▒▒ ▒###▒ ▒#∙#▒


There were no monsters in sight!

Vanquished Creatures
  Eustachio (D:5)
  Duvessa (D:5)
  2 ogres
  Dowan (D:5)
  2 scorpions
  2 crimson imps
  A quasit (D:5)
  A centaur skeleton (D:5)
  An orc priest (D:5)
  Crazy Yiuf (D:2)
  A hound (D:5)
  Jessica (D:2)
  An orc wizard (D:5)
  5 worker ants
  An iguana (D:4)
  A killer bee zombie (D:5)
  Samantha (D:3)
  4 gnolls
  9 adders
  A shadow imp (D:5)
  2 oozes
  2 dart slugs (D:1)
  2 orcs (D:5)
  8 quokkas
  4 giant cockroaches
  16 goblins
  10 hobgoblins
  11 jackals
  4 ball pythons
  7 bats
  8 frilled lizards
  A jackal skeleton (D:4)
  6 kobolds
  A quokka zombie (D:5)
  4 rats
  A fungus (D:2)
125 creatures vanquished.

Notes
Turn   | Place    | Note
-------+----------+-------------------------------------------
     0 | D:1      | chukamok the Vine Stalker Ice Elementalist began the quest for the Orb.
     0 | D:1      | Reached XP level 1. HP: 9/9 MP: 3/3
   107 | D:1      | Reached skill level 1 in Fighting
   107 | D:1      | Reached XP level 2. HP: 14/14 MP: 0/5
   235 | D:1      | Reached XP level 3. HP: 17/18 MP: 0/6
   553 | D:1      | Gained mutation: Your natural rate of healing is unusually fast. [Vine Stalker growth]
   553 | D:1      | Reached XP level 4. HP: 20/23 MP: 5/8
   735 | D:2      | Found an ornate altar of the Wu Jian Council.
   833 | D:2      | Noticed Jessica
   897 | D:2      | Reached XP level 5. HP: 28/28 MP: 5/9
   901 | D:2      | Learned a level 2 spell: Ensorcelled Hibernation
   906 | D:2      | Learned a level 4 spell: Throw Icicle
   945 | D:2      | Found a shadowy altar of Dithmenos.
   958 | D:2      | Reached skill level 1 in Hexes
   958 | D:2      | Reached skill level 5 in Ice Magic
   982 | D:2      | Killed Jessica
   982 | D:2      | Reached XP level 6. HP: 28/32 MP: 1/11
   998 | D:2      | Became a worshipper of Dithmenos the Shadowed
  1187 | D:2      | Found a runed door.
  1276 | D:2      | Found a sacrificial altar of Ru.
  1439 | D:2      | Found a viscous altar of Jiyva.
  1440 | D:2      | Found a white marble altar of Elyvilon.
  1440 | D:2      | Found a radiant altar of Vehumet.
  1440 | D:2      | Found a glowing golden altar of the Shining One.
  1440 | D:2      | Found a snail-covered altar of Cheibriados.
  1440 | D:2      | Found a sacrificial altar of Ru.
  1440 | D:2      | Found a burning altar of Makhleb.
  1441 | D:2      | Found a basalt altar of Yredelemnul.
  1441 | D:2      | Found an ancient bone altar of Kikubaaqudgha.
  1444 | D:2      | Found a hide-covered altar of Uskayaw.
  1444 | D:2      | Found a glowing silver altar of Zin.
  1502 | D:2      | Noticed Crazy Yiuf
  1509 | D:2      | Killed Crazy Yiuf
  1579 | D:3      | Reached XP level 7. HP: 34/36 MP: 5/13
  1646 | D:3      | Reached * piety under Dithmenos
  1646 | D:3      | Reached skill level 1 in Blades
  1789 | D:3      | Reached skill level 6 in Ice Magic
  1790 | D:3      | Noticed Samantha
  1959 | D:3      | Killed Samantha
  2161 | D:3      | Found an opulent altar of Gozag.
  2378 | D:4      | Got the +1 robe of the Solstice {Dex+4}
  2443 | D:4      | Learned a level 4 spell: Ozocubu's Armour
  2450 | D:4      | Got the +1 leather armour "Seih Gapp" {rElec rF- MR- rCorr}
  2503 | D:4      | Gained mutation: You have razor-sharp teeth. [Vine Stalker growth]
  2503 | D:4      | Reached XP level 8. HP: 40/40 MP: 13/15
  2516 | D:4      | Reached ** piety under Dithmenos
  2572 | D:4      | Found a deep blue altar of Sif Muna.
  2573 | D:4      | Found a bloodstained altar of Trog.
  2573 | D:4      | Found a stormy altar of Qazlal.
  2619 | D:4      | Reached skill level 7 in Ice Magic
  2660 | D:5      | Entered Level 5 of the Dungeon
  2723 | D:5      | Reached skill level 5 in Blades
  2853 | D:5      | Reached XP level 9. HP: 31/44 MP: 10/16
  2873 | D:5      | Noticed Duvessa
  2888 | D:5      | Killed Duvessa
  2907 | D:5      | Noticed Dowan
  2912 | D:5      | Killed Dowan
  2919 | D:5      | Noticed Eustachio
  2942 | D:5      | Killed Eustachio
  2942 | D:5      | Reached skill level 5 in Stealth
  2942 | D:5      | Reached skill level 8 in Ice Magic
  3115 | D:5      | Found an iron altar of Okawaru.
  3547 | D:5      | Engulfed by a cloud of flame

Skill      XL: |  1  2  3  4  5  6  7  8  9 |
---------------+----------------------------+-----
Fighting       | 1 2 3 |  3.1
Hexes          | 2 4 |  4.2
Ice Magic      | 5 6 7 8 |  8.1
Blades         | 3 5 7 |  7.1
Stealth        | 4 5 |  5.5
Dodging        | |  1.5

Action                   |  1- 3 |  4- 6 |  7- 9 || total
-------------------------+-------+-------+-------++-------
Melee: Dagger            |    12 |    41 |    41 ||    94
       Bite              |     1 |    11 |    14 ||    26
       Quarterstaff      |       |       |    12 ||    12
 Cast: Freeze            |    21 |    46 |    78 ||   145
       Ensorcelled Hiber |       |     1 |    11 ||    12
       Throw Icicle      |       |       |     7 ||     7
 Stab: Sleeping          |     9 |    10 |    16 ||    35
       Distracted        |       |       |     1 ||     1
Armor: Robe              |     5 |     9 |    22 ||    36
Dodge: Dodged            |    14 |    11 |    66 ||    91
